 Dungeon Crawl Stone Soup version 0.30-a0-272-gf98c3da03f (webtiles) character file.

Game seed: 9730822194391231522

70 billz999 the Sneak (level 4, -4/30 HPs)
             Began as a Vampire Earth Elementalist on Oct 15, 2022.
             Shot with a sling bullet by a gnoll (8 damage)
             ... on level 2 of the Dungeon.
             The game lasted 00:02:50 (1609 turns).

billz999 the Sneak (Vampire Earth Elementalist)     Turns: 1609, Time: 00:02:50

Health: -4/30      AC:  3    Str:  4 (7)  XL:     4   Next: 4%
Magic:  5/7        EV: 12    Int: 16 (19) God:
Gold:   43         SH:  0    Dex: 11 (14) Spells: 6/7 levels left

rFire   . . .      SeeInvis +    (no weapon)
rCold   . . .      Faith    .    (no shield)
rNeg    . . .      Spirit   .    a - +0 robe
rPois   .          Reflect  .    (no helmet)
rElec   .          Harm     .    (no cloak)
rCorr   .          Rampage  .    (no gloves)
Will    .....                    k - +0 pair of boots
Stlth   +++.......               (no amulet)
HPRegen 0.45/turn                (no ring)
MPRegen 0.10/turn                (no ring)

@: healing quickly
A: alive, fangs 3, see invisible, vampiric 2
a: Exsanguinate


You were on level 2 of the Dungeon.
You visited 1 branch of the dungeon, and saw 2 of its levels.

You collected 43 gold pieces.

Inventory:

Hand Weapons
 c - a +0 club
Missiles
 j - 2 throwing nets
Armour
 a - a +0 robe (worn)
 k - a +0 pair of boots (worn)
Jewellery
 e - a +6 ring of intelligence
 i - a ring of protection from fire
Scrolls
 f - a scroll of enchant armour {unknown}
 m - a scroll of amnesia {unknown}


   Skills:
 - Level 2.3 Dodging
 * Level 5.6 Stealth
 - Level 2.0 Spellcasting
 + Level 2.4 Transmutations
 - Level 3.0 Earth Magic


You had 6 spell levels left.
You knew the following spells:

 Your Spells              Type           Power      Damage    Failure   Level
a - Sandblast             Erth           22%        2d7       6%          1

Your spell library contained the following spells:

 Spells                   Type           Power      Damage    Failure   Level
 Passwall                 Tmut/Erth      8%         N/A       10%         2
 Stone Arrow              Conj/Erth      12%        3d7       32%         3
 Petrify                  Tmut/Erth      10%        N/A       54%         4


Dungeon Overview and Level Annotations

Branches:
Dungeon (2/15)

Altars:

Shops:
D:1 [


Innate Abilities, Weirdness & Mutations

Your natural rate of healing is accelerated.
You have razor-sharp teeth.
You have supernaturally acute eyesight. (SInv)
You are afflicted with vampirism and can become a bat while bloodless.


Message History

* * * LOW HITPOINT WARNING * * *
The gnoll shoots a sling bullet.
The sling bullet misses you.
The gnoll shoots a sling bullet.
The sling bullet hits you!
* * * LOW HITPOINT WARNING * * *
It was a potion of lignification.
You turn into a tree.
Your +0 pair of boots melds into your body.
Your +0 robe melds into your body.
Your roots penetrate the ground.
It was a potion of flight.
Your roots keep you in place.
The gnoll shoots a sling bullet.
The sling bullet hits you but does no damage.
Magic courses through your body.
The gnoll shoots a sling bullet.
The sling bullet hits you but does no damage.
It was a potion of degeneration.
There was something very wrong with that liquid.
You feel weakened.
You feel dopey.
You feel clumsy.
It was a potion of cancellation.
Your magical effects are unravelling.
You feel magically purged.
You feel less wooden.
Your +0 pair of boots unmelds from your body.
Your +0 robe unmelds from your body.
Casting: Sandblast (safe; 6% risk of failure)
Confirm with . or Enter, or press ? or * to list all spells.
Aiming: Sandblast (safe; 6% risk of failure)
Press: ? - help, Shift-Dir - straight line, f/p - gnoll
Aim: a gnoll, wielding a +0 sling and wearing a +0 plate armour (moderately wounded, 91% to hit)
The blast of sand hits the gnoll but does no damage.
The gnoll is moderately wounded.
The gnoll shoots a sling bullet.
The sling bullet misses you.
The gnoll shoots a sling bullet.
The sling bullet hits you.
* * * LOW HITPOINT WARNING * * *
Casting: Sandblast (safe; 6% risk of failure)
Confirm with . or Enter, or press ? or * to list all spells.
Aiming: Sandblast (safe; 6% risk of failure)
Press: ? - help, Shift-Dir - straight line, f/p - gnoll
Aim: a gnoll, wielding a +0 sling and wearing a +0 plate armour (moderately wounded, 91% to hit)
The blast of sand hits the gnoll but does no damage.
The gnoll is moderately wounded.
The gnoll shoots a sling bullet.
The sling bullet hits you!
You die...

.........### # #.
######..###### . #.
##.......... .. #.
##..######### ...
#. #..##
..##.###########.##
..........##...#
#.######....####
#...g...@>.....#
#####..........#
#..........#
####.......#
#########


You could see a gnoll.

Vanquished Creatures
  3 gnolls (D:2)
  An adder (D:2)
  A worm (D:2)
  3 endoplasms
  A giant cockroach (D:1)
  3 goblins (D:1)
  4 hobgoblins
  4 kobolds
  4 ball pythons
  A bat (D:1)
  3 frilled lizards
  5 rats
33 creatures vanquished.

Notes
Turn   | Place    | Note
-------+----------+-------------------------------------------
     0 | D:1      | billz999 the Vampire Earth Elementalist began the quest for
                  | the Orb.
     0 | D:1      | Reached XP level 1. HP: 13/13 MP: 3/3
   253 | D:1      | Found Gues's Antique Armour Emporium.
   260 | D:1      | Reached XP level 2. HP: 19/19 MP: 3/5
   792 | D:1      | Reached skill level 4 in Stealth
  1115 | D:2      | Gained mutation: You are afflicted with vampirism and can
                  | become a bat while bloodless. [Vampire growth]
  1115 | D:2      | Reached XP level 3. HP: 24/24 MP: 3/6
  1134 | D:2      | Reached skill level 5 in Stealth
  1491 | D:2      | Reached XP level 4. HP: 30/30 MP: 4/7
  1609 | D:2      | Shot with a sling bullet by a gnoll

Illustrated notes

Levels and vault maps discovered:
D:1:      nicolae_arrival_memento_mori, layout_basic, serial_shops,
          nicolae_square_shop, minmay_pentomino_q2
D:2:      layout_basic, minmay_3d_cube

Skill      XL: |  1  2  3 |
---------------+----------+-----
Stealth        | 4 5 |  5.6
Transmutations | 2 |  2.4
Dodging        | |  2.3
Spellcasting   | |  2.0
Earth Magic    | |  3.0

Action                   |  1- 3 |  4- 6 || total
-------------------------+-------+-------++-------
 Cast: Sandblast         |    43 |    12 ||    55
  Use: Potion            |       |     5 ||     5
Armor: Robe              |     2 |       ||     2
       Skin              |       |     2 ||     2
Dodge: Dodged            |     7 |    10 ||    17

Table legend: (Time is in decaauts)
 A = Elapsed time spent in this place.
 B = Non-inter-level travel time spent in this place.
 C = Inter-level travel time spent in this place.
 D = Time resting spent in this place.
 E = Time spent auto-exploring this place.
 F = Levels seen in this place.
 G = Mean time per level.
                   A        B        C        D        E       F      G
               +--------+--------+--------+--------+--------+-----+--------+
         Total |   1635 |   1609 |     26 |    255 |   1140 |   2 |  817.5 |
       Dungeon |   1635 |   1609 |     26 |    255 |   1140 |   2 |  817.5 |
               +--------+--------+--------+--------+--------+-----+--------+

Top non-repeatable levels by time:
     D:1: 1087 daAuts
     D:2: 548 daAuts
